 Dungeon Crawl Stone Soup version 0.17-a0-737-gf0a300a (webtiles) character file.

3623 Ngotmuk the Cleaver (level 9, -6/90 HPs)
             Began as a Deep Dwarf Fighter on Apr 27, 2015.
             Was an Initiate of Ru.
             Engulfed by a cloud of freezing vapour (26 damage)
             ... on level 8 of the Dungeon.
             The game lasted 00:25:14 (6728 turns).

Ngotmuk the Cleaver (Deep Dwarf Fighter)            Turns: 6728, Time: 00:25:14

Health: -6/90      AC: 12    Str: 25    XL:     9   Next: 87%
Magic:  8/8        EV:  8    Int: 20    God:    Ru [......]
Gold:   510        SH: 11    Dex: 12    Spells: 0 memorised, 8 levels left

rFire  . . .     SeeInvis .     j - +11 war axe of Crusades {flame, rPois Int+4}
rCold  . . .     Clarity  .     b - +0 scale mail
rNeg   . . .     SustAb   .     c - +0 shield
rPois  +         Gourm    .     (no helmet)
rElec  .         Spirit   .     H - +1 cloak of Vyfuan {Int+5}
rCorr  .         Warding  .     p - +0 pair of gloves
rMut   .         Stasis   .     G - +0 pair of boots
MR     +....                    (no amulet)
Stlth  ..........               (no ring)
                                A - ring of poison resistance

@: non-regenerating, somewhat resistant to hostile enchantments, extremely
unstealthy
A: damage resistance, recharge devices, talons 1, blurry vision 1, clever 1, low
mp 1, sense surroundings 2, slow healing 3, strong 1
a: Device Recharging, Renounce Religion


You were on level 8 of the Dungeon.
You worshipped Ru.
Ru was noncommittal.
You were hungry.

You visited 2 branches of the dungeon, and saw 9 of its levels.

You collected 510 gold pieces.

Inventory:

Hand weapons
 j - the +11 war axe of Crusades (weapon) {flame, rPois Int+4}
   (You found it on level 4 of the Dungeon)

   It has been specially enchanted to burn those struck by it, causing extra
   injury to most foes and up to half again as much damage against particularly
   susceptible opponents.
   Big, fiery blades are also staple armaments of hydra-hunters.
   It affects your intelligence (+4).
   It protects you from poison.
Missiles
 L - 5 javelins of returning (quivered)
Armour
 b - a +0 scale mail (worn)
 c - a +0 shield (worn)
 p - a +0 pair of gloves (worn)
 G - a +0 pair of boots (worn)
 H - the +1 cloak of Vyfuan (worn) {Int+5}
   (You found it on level 7 of the Dungeon)

   It affects your intelligence (+5).
Jewellery
 A - a ring of poison resistance (left hand)
Magical devices
 a - a wand of invisibility (2)
 e - a wand of heal wounds (1)
 B - a wand of polymorph (7)
 J - a wand of flame (16)
Scrolls
 m - 3 scrolls of enchant armour
 o - 2 scrolls of blinking
 q - 3 scrolls of fear
 s - a scroll of amnesia
 v - 4 scrolls of teleportation
 w - a scroll of enchant weapon
 y - 2 scrolls of immolation
 z - 2 scrolls of magic mapping
 E - a scroll of remove curse
Potions
 d - a potion of might
 g - a potion of ambrosia {unknown}
 h - a potion of experience {unknown}
 i - a potion of magic {unknown}
 l - 2 potions of brilliance {unknown}
 n - a potion of resistance {unknown}
 r - 2 potions of curing {unknown}
 u - a potion of restore abilities {unknown}
 x - a potion of heal wounds {unknown}
 C - a potion of lignification
 D - a potion of cancellation
 F - 2 potions of haste {unknown}
 I - a potion of poison {unknown}
Comestibles
 f - 5 bread rations
 k - a meat ration
 t - 5 fruits


   Skills:
 * Level 8.3 Fighting
 * Level 9.4 Axes
 + Level 6.9 Armour
 + Level 6.7 Shields


You had 8 spell levels left.
You didn't know any spells.

Dungeon Overview and Level Annotations

Branches:
Dungeon (8/15)             Temple (1/1) D:5
   Lair: D:8-11

Altars:
Ashenzari
Cheibriados
Elyvilon
Fedhas
Gozag
Kikubaaqudgha
Nemelex Xobeh
Okawaru
Qazlal
Ru
Sif Muna
Trog
Vehumet
Xom
Yredelemnul
Zin
The Shining One


Innate Abilities, Weirdness & Mutations

You are resistant to damage.
You can recharge devices by infusing magical energy.
Your magical capacity is low (-10% MP).
You passively map the area around you.
You do not heal naturally.
You have sharp toenails.
Scrolls take you a little longer to read.
Your mind is acute. (Int +2)
Your muscles are strong. (Str +2)


Message History

You slash the ice statue!
You melt the ice statue.
The ice statue is heavily damaged.
You slash the ice statue!
You melt the ice statue.
The ice statue is severely damaged.
The ice statue throws cold at you. The freezing blast misses you.
You slash the ice statue!
You melt the ice statue.
The ice statue is almost destroyed.
You are engulfed in freezing vapours.
* * * LOW HITPOINT WARNING * * *
Evoke which item? (* to show all) (? for menu, Esc to quit)
Zapping:
e - a wand of heal wounds (2)
Press: ? - help, Shift-Dir - straight line, f - you You feel much better.
This wand has 1 charge left.
You are engulfed in freezing vapours.
* * * LOW HITPOINT WARNING * * *
You slash the ice statue!
You melt the ice statue.
You destroy the ice statue!
You completely miss the ice beast.
You are engulfed in freezing vapours.
You die...

* #.# , #.#
##########
#####.####........##
* * *
.......(.)..........,
, , ,
.....((.........##. ,
, , ,
#####(######.....## *
* ** #####.#
,##...§.## #...#.#
,##)§Y§.## #.#.#.## ,
##§@§§?# * (.#.#<.#
,, ##§§.## * *
###.#..# ,, ##$##
#.#..#### , *## , ,,*
###[#.....#* , *
....#...#.# , *
##......#.# ,, ,
##.##.#.#.### * *
#......(..<.# ,


You could see an ice beast.

Vanquished Creatures
  An ice statue (D:8)
  Sigmund (D:2)
  A soldier ant (D:7)
  Duvessa (D:4)
  A black bear (D:7)
  2 ice beasts
  A phantom (D:6)
  A sky beast (D:7)
  2 necrophages (D:7)
  2 orc warriors
  4 big kobolds (D:4)
  3 centaurs
  A giant frog (D:3)
  2 scorpions
  Dowan (D:4)
  4 killer bees (D:7)
  An electric eel (D:6)
  2 crimson imps
  A giant frog zombie (D:5)
  A quasit (D:7)
  An iguana (D:7)
  6 hounds
  2 orc priests
  Terence (D:2)
  A giant frog skeleton (D:7)
  3 orc wizards
  4 worker ants
  10 adders
  3 gnolls (D:4)
  3 shadow imps
  A worm (D:3)
  2 adder skeletons
  2 giant geckos
  39 orcs
  2 ball pythons
  17 bats
  A bat skeleton (D:6)
  A bat zombie (D:5)
  6 giant cockroaches
  17 hobgoblins
  7 jackals
  3 quokkas
  6 giant newts
  13 goblins
  39 kobolds
  A quokka zombie (D:6)
  15 rats
  3 rat zombies (D:5)
242 creatures vanquished.

Notes
Turn   | Place    | Note
--------------------------------------------------------------
     0 | D:1      | Ngotmuk, the Deep Dwarf Fighter, began the quest for the Orb.
     0 | D:1      | Reached XP level 1. HP: 20/20 MP: 1/1
   231 | D:1      | Reached XP level 2. HP: 27/27 MP: 2/2
   824 | D:2      | Found a white marble altar of Elyvilon.
   874 | D:2      | Reached XP level 3. HP: 26/34 MP: 3/3
   911 | D:2      | Noticed Terence
   925 | D:2      | Killed Terence
  1028 | D:2      | Reached XP level 4. HP: 24/42 MP: 4/4
  1175 | D:2      | Noticed Sigmund
  1182 | D:2      | Killed Sigmund
  1182 | D:2      | Reached skill level 4 in Fighting
  1182 | D:2      | Reached XP level 5. HP: 9/50 MP: 5/5
  1576 | D:3      | Reached XP level 6. HP: 20/58 MP: 6/6
  2359 | D:4      | Found a glowing golden altar of the Shining One.
  2631 | D:4      | Reached skill level 5 in Axes
  2667 | D:4      | Reached skill level 5 in Fighting
  2683 | D:4      | Reached XP level 7. HP: 19/67 MP: 7/7
  3234 | D:4      | Noticed Duvessa
  3236 | D:4      | Noticed Dowan
  3247 | D:4      | Killed Dowan
  3250 | D:4      | Killed Duvessa
  3297 | D:4      | Reached skill level 6 in Axes
  3297 | D:4      | Reached skill level 5 in Armour
  3324 | D:4      | Reached XP level 8. HP: 34/76 MP: 8/8
  3480 | D:4      | Got a faintly glowing war axe
  3481 | D:4      | Identified the +11 war axe of Crusades {flame, rPois Int+4} (You found it on level 4 of the Dungeon)
  3690 | D:5      | Entered Level 5 of the Dungeon
  3804 | D:5      | Reached skill level 5 in Shields
  4111 | D:5      | Found an iron altar of Okawaru.
  4206 | D:5      | Found a staircase to the Ecumenical Temple.
  4219 | Temple   | Entered the Ecumenical Temple
  4559 | Temple   | Became a worshipper of Ru the Awakened
  4594 | D:5      | Found a glowing silver altar of Zin.
  4781 | D:5      | Found an ancient bone altar of Kikubaaqudgha.
  4859 | D:6      | Reached skill level 7 in Axes
  4931 | D:6      | Found an opulent altar of Gozag.
  5119 | D:7      | Gained mutation: You passively map the area around you. [Deep Dwarf growth]
  5119 | D:7      | Reached XP level 9. HP: 30/85 MP: 9/9
  5121 | D:7      | Gained mutation: Your magical capacity is low (-10% MP). [Ru sacrifice]
  5129 | D:7      | Got an encrusted cloak
  5141 | D:7      | Identified the +1 cloak of Vyfuan {Int+5} (You found it on level 7 of the Dungeon)
  5183 | D:7      | Reached skill level 8 in Axes
  5444 | D:7      | Found a sparkling altar of Nemelex Xobeh.
  5454 | D:7      | Found a snail-covered altar of Cheibriados.
  5665 | D:7      | Gained mutation: Scrolls take you a little longer to read. [mutagenic meat]
  5666 | D:7      | Gained mutation: You have sharp toenails. [mutagenic meat]
  5667 | D:7      | Gained mutation: Your mind is acute. (Int +2) [mutagenic meat]
  5668 | D:7      | Gained mutation: Your muscles are strong. (Str +2) [mutagenic meat]
  6426 | D:6      | Reached skill level 9 in Axes
  6715 | D:8      | Noticed an ice statue
  6720 | D:8      | HP: 4/88 [ice statue/shard of ice (27)]
  6728 | D:8      | Killed an ice statue
  6728 | D:8      | Engulfed by a cloud of freezing vapour

Action                   |  1- 3 |  4- 6 |  7- 9 || total
-------------------------+-------+-------+-------++-------
Melee: War axe           |   110 |   193 |   351 ||   654
Invok: Sacrifice Essence |       |       |     1 ||     1
Evoke: Wand              |       |     3 |    11 ||    14
  Use: Scroll            |       |       |    14 ||    14
 Stab: Invisible         |       |       |     2 ||     2
  Eat: Beef jerky        |     1 |     1 |     1 ||     3
       Meat ration       |       |     1 |     2 ||     3
       Chunk             |       |       |     4 ||     4
